 Dungeon Crawl Stone Soup version 0.28.0-45-g0d030f2227 (webtiles) character file.

Game seed: 7034031837192280861

27851 Woods the Martial Artist (level 13, -6/118 HPs)
             Began as a Gnoll Transmuter on Apr 12, 2022.
             Was a Believer of Ashenzari.
             Mangled by a catoblepas (11 damage)
             ... while petrified by a catoblepas
             ... on level 2 of the Lair of Beasts.
             The game lasted 00:42:36 (23642 turns).

Woods the Martial Artist (Gnoll Transmuter)        Turns: 23642, Time: 00:42:36

Health: -6/118     AC: 14    Str:  9    XL:     13   Next: 35%
Magic:  26/26      EV:  1    Int: 16    God:    Ashenzari [**....]
Gold:   2833       SH:  0    Dex: 15    Spells: 6/31 levels left

rFire   x . .      SeeInvis +     - Unarmed
rCold   + + +      Faith    .   (shield currently unavailable)
rNeg    + + +      Spirit   .   (armour currently unavailable)
rPois   ∞          Reflect  .   (helmet currently unavailable)
rElec   .          Harm     .   (cloak currently unavailable)
rCorr   .          Rampage  .   (gloves currently unavailable)
Will    .....                   (boots currently unavailable)
Stlth   ++++......              C - amulet of the acrobat
HPRegen 0.29/turn               f - ring of the Soothsayer {Wiz, Comp, Fort} (curse)
MPRegen 0.20/turn               n - +4 ring of protection

@: ice-form, petrified
A: freezing attack, amphibious, boosted hp, large, (fangs 1), strong nose,
distributed training
a: End Transformation, Renounce Religion, Curse Item, Shatter the Chains


You were on level 2 of the Lair of Beasts.
You worshipped Ashenzari.
Ashenzari was pleased with you.
You were a creature of crystalline ice.
You visited 3 branches of the dungeon, and saw 14 of its levels.
You also visited: Bailey.

You collected 2903 gold pieces.
You spent 70 gold pieces at shops.

Inventory:

Hand Weapons
 a - the +12 quarterstaff "Gizew" {speed, rC+}
   (You found it on level 5 of the Dungeon)

   Attacks with this weapon are significantly faster.
   rC:        It protects you from cold.
 s - the +10 flail "Enomp" {vorpal, Fragile rN+ rCorr Str+4}
   (You found it on level 4 of the Dungeon)

   It inflicts extra damage upon your enemies.
   Str:       It affects your strength (+4).
   rN:        It protects you from negative energy.
   rCorr:     It protects you from acid and corrosion.
   Fragile:   It will be destroyed if unequipped.
Missiles
 v - a throwing net
Armour
 j - a +0 chain mail
 q - a +0 pair of gloves
 w - the cursed +2 cloak of Ashenzari's Oracle (melded) {rCorr, Elem, Self}
   (You acquired it on level 4 of the Dungeon)

   It has a curse which improves the following skills: Elements: Fire Magic, Ice
   Magic, Air Magic and Earth Magic.
   Introspection: Fighting and Spellcasting.
 x - the cursed +2 robe of the Visionary Urgency (melded) {rN+, Elem, Range}
   (You took it off Dowan on level 5 of the Dungeon)

   It has a curse which improves the following skills: Elements: Fire Magic, Ice
   Magic, Air Magic and Earth Magic.
   Ranged Combat: Slings, Bows, Crossbows and Throwing.
 A - the +1 pair of gloves "Monah" (melded) {rCorr Str-4 Int+5 Stlth+}
   (You acquired it on level 7 of the Dungeon)

   Str:       It affects your strength (-4).
   Int:       It affects your intelligence (+5).
   rCorr:     It protects you from acid and corrosion.
   Stlth:     It makes you more stealthy.
 G - a +0 helmet (melded)
 O - a +3 troll leather armour {Snorg}
Magical Staves
 k - a staff of conjuration
Jewellery
 f - the cursed ring of the Soothsayer (left front paw) {Wiz, Comp, Fort}
   (You found it on level 2 of the Dungeon)

   [ring of wizardry]

   It improves your spell success rate.
   It has a curse which improves the following skills: Companions: Summonings
   and Necromancy.
   Fortitude: Armour and Shields.
 h - a ring of protection from fire
 n - a +4 ring of protection (right front paw)
 B - an amulet of guardian spirit
 C - an amulet of the acrobat (around neck)
 P - a ring of willpower
 Q - a +4 ring of slaying
 S - a ring of see invisible
 V - a ring of protection from cold
Wands
 p - a wand of polymorph (7)
 t - a wand of flame (23)
 y - a wand of mindburst (10)
 z - a wand of paralysis (14)
 I - a wand of iceblast (13)
 M - a wand of acid (2)
Scrolls
 c - 3 scrolls of enchant weapon
 d - 2 scrolls of blinking
 i - 3 scrolls of vulnerability
 l - 2 scrolls of fog
 m - 3 scrolls of torment
 u - 2 scrolls of enchant armour
 E - 6 scrolls of teleportation
 L - 3 scrolls of magic mapping
 N - 6 scrolls of identify
 T - a scroll of fear
 X - a scroll of silence
Potions
 b - a potion of lignification
 e - 5 potions of haste
 g - a potion of ambrosia
 o - 4 potions of might
 r - 5 potions of flight (quivered)
 D - a potion of magic
 F - 3 potions of curing
 H - a potion of mutation
 J - a potion of heal wounds
 U - 2 potions of invisibility
 W - a potion of berserk rage
 Y - a potion of cancellation
Miscellaneous
 K - a phial of floods
 R - a condenser vane


   Skills:
 + Level 8.6 Fighting
 + Level 8.2 Short Blades
 + Level 8.2 Long Blades
 + Level 8.2 Axes
 + Level 8.2 Maces & Flails
 + Level 8.2 Polearms
 + Level 8.2 Staves
 + Level 8.2 Slings
 + Level 8.2 Bows
 + Level 8.2 Crossbows
 + Level 8.2 Throwing
 + Level 8.2(9.5) Armour
 + Level 9.5 Dodging
 + Level 8.2 Stealth
 + Level 8.2(9.5) Shields
 + Level 10.5 Unarmed Combat
 + Level 9.7 Spellcasting
 + Level 6.8 Conjurations
 + Level 6.8 Hexes
 + Level 6.8(8.1) Summonings
 + Level 6.8(8.1) Necromancy
 + Level 6.8 Translocations
 + Level 7.9 Transmutations
 + Level 6.8 Fire Magic
 + Level 6.8 Ice Magic
 + Level 6.8 Air Magic
 + Level 6.8 Earth Magic
 + Level 6.8 Poison Magic
 + Level 9.0 Invocations
 + Level 8.2 Evocations


You had 6 spell levels left.
You knew the following spells:

 Your Spells              Type           Power      Damage    Failure   Level
a - Beastly Appendage     Tmut           66%        N/A       1%          1
b - Wereblood             Tmut           33%        N/A       1%          2
c - Spider Form           Tmut/Pois      31%        N/A       1%          3
d - Summon Ice Beast      Ice/Summ       31%        N/A       1%          4
e - Fireball              Conj/Fire      14%        3d8       6%          5
f - Death Channel         Necr           16%        N/A       21%         6
g - Ice Form              Ice/Tmut       31%        N/A       1%          4

Your spell library contained the following spells:

 Spells                   Type           Power      Damage    Failure   Level
 Corpse Rot               Necr/Air       62%        N/A       1%          2
 Poisonous Vapours        Pois/Air       58%        N/A       1%          2
 Sublimation of Blood     Necr           33%        N/A       1%          2
 Dazzling Flash           Conj/Hex       58%        N/A       1%          3
 Frozen Ramparts          Ice            58%        1d7       1%          3
 Gell's Gravitas          Tloc           29%        N/A       1%          3
 Lesser Beckoning         Tloc           29%        N/A       1%          3
 Mephitic Cloud           Conj/Pois/Air  29%        N/A       1%          3
 Teleport Other           Tloc           29%        N/A       1%          3
 Dispel Undead            Necr           33%        3d14      1%          4
 Chain Lightning          Conj/Air       14%        3d19      100%        9
 Fire Storm               Conj/Fire      14%        8d4       100%        9


Dungeon Overview and Level Annotations

Branches:
Dungeon (11/15)            Temple (1/1) D:5            Lair (2/6) D:10
    Orc (0/2) D:11         Bailey (visited)
  Swamp: Lair:2-4    Shoals: Lair:2-4     Snake: Lair:2-4    Spider: Lair:2-4

Altars:
Ashenzari
Cheibriados
Dithmenos
Elyvilon
Fedhas
Gozag
Hepliaklqana
Kikubaaqudgha
Makhleb
Nemelex Xobeh
Okawaru
Qazlal
Ru
Sif Muna
Trog
Uskayaw
Vehumet
Wu Jian
Xom
Yredelemnul
Zin
The Shining One

Shops:
D:3 ?

Portals:
Trove: D:10 (give 10 potions of heal wounds)

Annotations:
D:5 exclusion: steam dragon


Innate Abilities, Weirdness & Mutations

You are a creature of crystalline ice.
You have a powerful freezing melee attack.
You are amphibious.
Your maximum health is increased.
You are immune to poison.
Your armour is entirely melded.
You are incapable of wielding weapons or throwing items.
((You have very sharp teeth.))
Your uncanny sense of smell can sniff out nearby items.
Your experience applies equally to all skills.


Message History

The catoblepas gores you! The catoblepas gores you!
The catoblepas gores you but does no damage.
The catoblepas breathes a plume of calcifying dust at you.
The blast of calcifying dust hits you.
You are engulfed in calcifying dust.
The catoblepas barely misses you.
You turn to ice and can move again.
Unknown command.
You are engulfed in calcifying dust.
The catoblepas breathes a plume of calcifying dust at you.
The blast of calcifying dust hits you.
You are engulfed in calcifying dust.
You are slowing down.
Really walk into that cloud of calcifying dust?
Okay, then.
Unknown command.
Really walk into that cloud of calcifying dust?
You are engulfed in calcifying dust.
Your limbs have turned to stone.
The catoblepas breathes a plume of calcifying dust at you.
The blast of calcifying dust hits you!
You have turned to stone.
You are engulfed in calcifying dust. x2
The catoblepas gores you!!
* * * LOW HITPOINT WARNING * * *
The yak is engulfed in calcifying dust.
The yak is moving more slowly.
The catoblepas gores you!!
* * * LOW HITPOINT WARNING * * *
The catoblepas breathes a plume of calcifying dust at you.
The blast of calcifying dust hits you.
* * * LOW HITPOINT WARNING * * *
The yak gores you.
* * * LOW HITPOINT WARNING * * *
You are engulfed in calcifying dust.
The yak gores you.
* * * LOW HITPOINT WARNING * * *
The catoblepas gores you but does no damage.
You are engulfed in calcifying dust.
The catoblepas gores you.
* * * LOW HITPOINT WARNING * * *
The yak gores you!
* * * LOW HITPOINT WARNING * * *
You are engulfed in calcifying dust.
The catoblepas gores you!!
You die...

, ,♣.♣†...♣♣ , ∆* , #♣..
♣{♣§♣Y...♣# , ,, , #.♣♣
,,♣♣♣♣♣{Y...# , *,,,, , #.♣
,,,♣Y♣.♣{...♣# * * , * *#.♣♣ ,
,♣.♣....♣♣ ### #♣.. ### #.######
##>## ### (.♣ ♣♣...♣♣♣♣
♣♣♣♣♣♣...♣♣♣♣♣♣ ♣♣♣ ♣.♣
♣.♣Y♣♣.♣#♣.♣.♣.≈≈≈.♣.♣.♣#♣..
♣.♣♣♣♣.♣Y♣.♣...YY.§§§≈≈........♣♣
.♣♣.♣.♣♣..♣♣♣#♣Y♣.♣.≈≈≈.♣.♣.♣#♣..
...♣..♣♣♣♣♣ ♣♣♣♣♣♣...♣♣♣♣♣♣ ♣♣♣
####### #################### ##
#...## #P.............##..###.
##...# #...................(..
#...# ##...........(.........
##..## ### #.....................
#....###P###.....................


You could see a catoblepas and a yak (petrifying).

Vanquished Creatures
  Snorg (D:10)
  3 two-headed ogres
  Sonja (D:10)
  An orc knight (Bailey)
  Pikel (D:5)
  2 black mambas (Lair:2)
  Maurice (D:8)
  7 cane toads (Lair:2)
  2 torpor snails (Lair:2)
  2 unseen horrors (D:11)
  3 rime drakes
  6 komodo dragons
  3 polar bears (Lair:2)
  A hornet (D:6)
  2 trolls
  11 blink frogs
  Sigmund (D:5)
  2 wyverns
  3 wraiths
  Grum (D:8)
  Eustachio (D:5)
  A basilisk (Lair:2)
  36 yaks
  A steam dragon (D:8)
  Duvessa (D:5)
  An acid dragon (D:8)
  8 water moccasins
  4 black bears
  8 orc warriors
  4 sky beasts
  An ice beast (D:7)
  A hornet zombie (D:8)
  2 ogres
  3 wolves
  A centaur (D:7)
  A phantom (D:6)
  4 lemures (D:5)
  2 kobold brigands
  6 bullfrogs
  5 gnoll sergeants (D:8)
  2 scorpions
  Dowan (D:5)
  5 killer bees (D:8)
  A vampire bat (Lair:2)
  A howler monkey (D:5)
  An electric eel (Lair:2)
  2 centaur zombies
  3 jellies
  Crazy Yiuf (D:3)
  4 orc priests
  5 gnoll shamans
  5 hounds
  A hell rat (Lair:2)
  2 orc wizards
  Robin (D:3)
  24 gnolls
  A howler monkey skeleton (D:5)
  7 adders
  A shadow imp (D:8)
  A white imp (D:7)
  5 dart slugs
  21 orcs
  7 ball pythons
  6 endoplasms
  4 giant cockroaches
  25 goblins
  7 hobgoblins
  5 jackals
  25 kobolds
  4 quokkas
  16 bats
  A jackal skeleton (D:4)
  8 rats
348 creatures vanquished.

Vanquished Creatures (collateral kills)
  2 cane toads (Lair:1)
  A blink frog (Lair:1)
  5 yaks
  2 water moccasins (Lair:2)
  A wolf (D:8)
  A wyvern skeleton (D:7)
12 creatures vanquished.

Vanquished Creatures (others)
  A yak (D:7)
  A fungus (D:3)
  75 plants
77 creatures vanquished.

Grand Total: 437 creatures vanquished

Notes
Turn   | Place    | Note
-------+----------+-------------------------------------------
     0 | D:1      | Woods the Gnoll Transmuter began the quest for the Orb.
     0 | D:1      | Reached XP level 1. HP: 17/17 MP: 6/6
   139 | D:1      | Reached XP level 2. HP: 21/23 MP: 7/7
   571 | D:1      | Reached XP level 3. HP: 18/28 MP: 9/9
   750 | D:1      | Reached skill level 5 in Spellcasting
   990 | D:1      | Found a faded altar of an unknown god.
  1125 | D:1      | Learned a level 2 spell: Wereblood
  1129 | D:1      | Learned a level 3 spell: Spider Form
  1208 | D:2      | Reached skill level 1 in Invocations
  1216 | D:2      | Reached skill level 1 in Short Blades
  1216 | D:2      | Reached skill level 1 in Long Blades
  1216 | D:2      | Reached skill level 1 in Axes
  1216 | D:2      | Reached skill level 1 in Maces & Flails
  1216 | D:2      | Reached skill level 1 in Polearms
  1216 | D:2      | Reached skill level 1 in Staves
  1216 | D:2      | Reached skill level 1 in Slings
  1216 | D:2      | Reached skill level 1 in Bows
  1216 | D:2      | Reached skill level 1 in Crossbows
  1216 | D:2      | Reached skill level 1 in Throwing
  1216 | D:2      | Reached skill level 1 in Armour
  1216 | D:2      | Reached skill level 1 in Stealth
  1216 | D:2      | Reached skill level 1 in Shields
  1216 | D:2      | Reached skill level 1 in Evocations
  1219 | D:2      | Reached XP level 4. HP: 21/34 MP: 8/11
  1645 | D:2      | Reached skill level 1 in Conjurations
  1645 | D:2      | Reached skill level 1 in Hexes
  1645 | D:2      | Reached skill level 1 in Summonings
  1645 | D:2      | Reached skill level 1 in Necromancy
  1645 | D:2      | Reached skill level 1 in Translocations
  1645 | D:2      | Reached skill level 1 in Fire Magic
  1645 | D:2      | Reached skill level 1 in Ice Magic
  1645 | D:2      | Reached skill level 1 in Air Magic
  1645 | D:2      | Reached skill level 1 in Earth Magic
  1645 | D:2      | Reached skill level 1 in Poison Magic
  1948 | D:3      | Noticed Robin
  2827 | D:3      | Reached XP level 5. HP: 40/40 MP: 10/12
  2944 | D:3      | Found a runed translucent door.
  2945 | D:3      | Noticed Crazy Yiuf
  2954 | D:3      | Killed Crazy Yiuf
  3049 | D:3      | Killed Robin
  3572 | D:3      | Found Ohaschego's Magic Scroll Shop.
  3578 | D:3      | Bought a scroll of identify for 28 gold pieces
  3578 | D:3      | Bought a scroll of teleportation for 42 gold pieces
  4164 | D:4      | Reached XP level 6. HP: 37/47 MP: 14/14
  4312 | D:4      | Reached skill level 5 in Dodging
  4452 | D:4      | Identified the +10 flail "Enomp" {vorpal, Fragile rN+ rCorr
                  | Str+4}
  4775 | D:4      | Identified 3 scrolls of acquirement
  4798 | D:4      | Acquired the Volume of Conjuration and Necromancy
  4800 | D:4      | Acquired a +2 cloak of preservation
  4813 | D:4      | Acquired 1081 gold pieces
  5393 | D:4      | Reached XP level 7. HP: 29/52 MP: 15/15
  5590 | D:5      | Entered Level 5 of the Dungeon
  5590 | D:5      | Noticed a steam dragon
  5767 | D:5      | Found an ornate altar of the Wu Jian Council.
  5918 | D:5      | Reached skill level 7 in Unarmed Combat
  6160 | D:5      | Noticed Pikel
  6613 | D:5      | Killed Pikel
  6614 | D:5      | Reached XP level 8. HP: 38/60 MP: 14/16
  7319 | D:5      | Noticed Sigmund
  7320 | D:5      | Noticed Duvessa
  7321 | D:5      | Noticed Dowan
  7328 | D:5      | Killed Sigmund
  7340 | D:5      | Killed Dowan
  7341 | D:5      | Killed Duvessa
  8056 | D:5      | Identified the +12 quarterstaff "Gizew" {speed, rC+}
  8059 | D:5      | Found a staircase to the Ecumenical Temple.
  8065 | Temple   | Entered the Ecumenical Temple
  8146 | Temple   | Became a worshipper of Ashenzari the Shackled
  8280 | D:6      | Reached skill level 5 in Transmutations
  8280 | D:6      | Reached XP level 9. HP: 66/66 MP: 14/18
  8299 | D:6      | Noticed Eustachio
  8785 | D:5      | Killed Eustachio
  9176 | D:6      | Noticed a troll
  9383 | D:5      | Killed a troll
  9384 | D:5      | Reached skill level 5 in Fighting
  9933 | D:6      | Reached skill level 8 in Unarmed Combat
 10368 | D:7      | Found a blossoming altar of Fedhas.
 10393 | D:7      | Found a white marble altar of Elyvilon.
 10435 | D:7      | Noticed a hornet
 10436 | D:7      | Identified the cursed +2 robe of the Visionary Urgency
                  | {rN+, Elem, Range} (You took it off Dowan on level 5 of the
                  | Dungeon)
 10442 | D:7      | Paralysed by a hornet for 3 turns
 10452 | D:7      | HP: 3/68 [poisoned by a hornet]
 10804 | D:6      | Learned a level 4 spell: Summon Ice Beast
 10810 | D:6      | Learned a level 5 spell: Fireball
 10819 | D:7      | Reached skill level 5 in Invocations
 10948 | D:6      | Reached XP level 10. HP: 27/74 MP: 17/20
 11504 | D:7      | Acquired the +1 pair of gloves "Monah" {rCorr Str-4 Int+5
                  | Stlth+}
 11560 | D:7      | Reached skill level 5 in Short Blades
 11560 | D:7      | Reached skill level 5 in Long Blades
 11560 | D:7      | Reached skill level 5 in Axes
 11560 | D:7      | Reached skill level 5 in Maces & Flails
 11560 | D:7      | Reached skill level 5 in Polearms
 11560 | D:7      | Reached skill level 5 in Staves
 11560 | D:7      | Reached skill level 5 in Slings
 11560 | D:7      | Reached skill level 5 in Bows
 11560 | D:7      | Reached skill level 5 in Crossbows
 11560 | D:7      | Reached skill level 5 in Throwing
 11560 | D:7      | Reached skill level 5 in Armour
 11560 | D:7      | Reached skill level 5 in Stealth
 11560 | D:7      | Reached skill level 5 in Shields
 11560 | D:7      | Reached skill level 5 in Evocations
 12239 | D:7      | Found a radiant altar of Vehumet.
 12239 | D:7      | Found a faded altar of an unknown god.
 12246 | D:7      | Found a sacrificial altar of Ru.
 12248 | D:7      | Found an opulent altar of Gozag.
 12249 | D:7      | Found a shadowy altar of Dithmenos.
 12864 | D:8      | Noticed Grum
 12877 | D:8      | Killed Grum
 13420 | D:8      | Noticed Maurice
 13432 | D:8      | Killed Maurice
 13641 | D:8      | Reached XP level 11. HP: 50/83 MP: 14/22
 15352 | D:8      | Reached skill level 9 in Unarmed Combat
 15502 | D:9      | Found a flagged portal.
 15685 | Bailey   | Entered a bailey
 15769 | Bailey   | Reached skill level 5 in Conjurations
 15769 | Bailey   | Reached skill level 5 in Hexes
 15769 | Bailey   | Reached skill level 5 in Summonings
 15769 | Bailey   | Reached skill level 5 in Necromancy
 15769 | Bailey   | Reached skill level 5 in Translocations
 15769 | Bailey   | Reached skill level 5 in Fire Magic
 15769 | Bailey   | Reached skill level 5 in Ice Magic
 15769 | Bailey   | Reached skill level 5 in Air Magic
 15769 | Bailey   | Reached skill level 5 in Earth Magic
 15769 | Bailey   | Reached skill level 5 in Poison Magic
 16094 | Bailey   | Noticed an orc knight
 16233 | Bailey   | Killed an orc knight
 16754 | D:9      | Learned a level 6 spell: Death Channel
 16758 | D:9      | Noticed a two-headed ogre
 16778 | D:9      | Killed a two-headed ogre
 16992 | D:9      | Noticed a two-headed ogre
 17028 | D:9      | Killed a two-headed ogre
 17527 | D:10     | Entered Level 10 of the Dungeon
 17633 | D:10     | Noticed Sonja
 17644 | D:10     | Killed Sonja
 17659 | D:10     | Found a staircase to the Lair.
 18107 | D:10     | Noticed a two-headed ogre
 18121 | D:10     | Killed a two-headed ogre
 18204 | D:10     | Noticed Snorg
 18249 | D:10     | Killed Snorg
 18250 | D:10     | Reached XP level 12. HP: 13/91 MP: 22/24
 18927 | D:10     | Found a portal to a secret trove of treasure.
 19841 | D:11     | Reached * piety under Ashenzari
 20017 | D:11     | Found a staircase to the Orcish Mines.
 20056 | Lair:1   | Entered Level 1 of the Lair of Beasts
 20334 | D:10     | Learned a level 4 spell: Ice Form
 20916 | Lair:1   | Reached ** piety under Ashenzari
 20966 | Lair:1   | Reached skill level 10 in Unarmed Combat
 21498 | Lair:2   | Acquired 715 gold pieces
 22483 | Lair:2   | Reached XP level 13. HP: 82/98 MP: 17/26
 23641 | Lair:2   | HP: 5/118 [yak (5)]
 23642 | Lair:2   | Mangled by a catoblepas

Illustrated notes

Levels and vault maps discovered:
D:1:      elethiomel_arrival_quiet, layout_loops_ring, serial_aquarium,
          aquarium_bridge_straight [aquarium_subvault_bridge,
          aquarium_subvault_window, aquarium_subvault_bridge,
          aquarium_subvault_window], aquarium_bridge_square
          [aquarium_subvault_bridge, aquarium_subvault_bridge,
          aquarium_subvault_wall, aquarium_subvault_wall], aquarium_window_2,
          aquarium_window_fake, aquarium_window_corner, aquarium_window_3,
          aquarium_view_2e, aquarium_pool_four,
          hellmonk_ecumenical_altar_leap_of_faith
D:2:      minmay_general_purpose_star, layout_rooms, nicolae_grassy_gnolls
D:3:      layout_basic, serial_shops, shop, st_stairs_14, kennysheep_donut,
          uniq_crazy_yiuf_cottage, uniq_robin
D:4:      layout_basic
D:5:      layout_loops_corners, kennysheep_mini_moat, minmay_temple_entry_fiery,
          grunt_ministairs_5, corexii_checkpoint_a, item_on_display_a,
          uniq_pikel, uniq_sigmund, uniq_duvessa
D:6:      layout_rooms, uniq_eustachio
D:7:      layout_cave_pools, chequers_temple_overflow_minitemple,
          mainiacjoe_overflow_catwalk_spiral
D:8:      layout_layer_cave, pf_guarded_unrand_woodcutter, uniq_grum,
          uniq_maurice
D:9:      wander_river, layout_long_grid, enter_bailey_5,
          minmay_misc_feat_nine_boxes
D:10:     layout_loops_corners, david_lair_shrubbed,
          nicolae_trove_entry_diagonal, uniq_sonja, uniq_snorg
D:11:     layout_loops_ring, orc_0_dummy, gammafunk_ghost_ooze
Temple:   regret_index_temple_waves
Lair:1:   layout_hall_layers, serial_bayou_shore_b
Lair:2:   nzn_winding_woodlands_huge [nzn_winding_woodlands_5x15_twine,
          nzn_winding_woodlands_5x15_river_crossing,
          nzn_winding_woodlands_5x15_pockets, nzn_winding_woodlands_5x15_cabin,
          nzn_winding_woodlands_5x15_longhouse,
          nzn_winding_woodlands_5x15_zeroes, nzn_winding_woodlands_5x15_eye,
          nzn_winding_woodlands_5x15_pool, nzn_winding_woodlands_5x15_jagged,
          nzn_winding_woodlands_5x15_parted,
          nzn_winding_woodlands_center_pierced_h,
          nzn_winding_woodlands_center_garden,
          nzn_winding_woodlands_15x15_five_gardens], layout_small_grid,
          roderic_batcave, st_stairs_8

Skill      XL: |  1  2  3  4  5  6  7  8  9 10 11 12 13 |
---------------+----------------------------------------+-----
Spellcasting   | 5 6 7 8 9 |  9.7
Invocations    | 1 2 3 4 5 6 7 8 9 |  9.0
Short Blades   | 1 2 3 4 5 6 7 8 |  8.2
Long Blades    | 1 2 3 4 5 6 7 8 |  8.2
Axes           | 1 2 3 4 5 6 7 8 |  8.2
Maces & Flails | 1 2 3 4 5 6 7 8 |  8.2
Polearms       | 1 2 3 4 5 6 7 8 |  8.2
Staves         | 1 2 3 4 5 6 7 8 |  8.2
Slings         | 1 2 3 4 5 6 7 8 |  8.2
Bows           | 1 2 3 4 5 6 7 8 |  8.2
Crossbows      | 1 2 3 4 5 6 7 8 |  8.2
Throwing       | 1 2 3 4 5 6 7 8 |  8.2
Armour         | 1 2 3 4 5 6 7 8 |  8.2
Stealth        | 1 2 3 4 5 6 7 8 |  8.2
Shields        | 1 2 3 4 5 6 7 8 |  8.2
Evocations     | 1 2 3 4 5 6 7 8 |  8.2
Conjurations   | 1 2 3 4 5 6 |  6.8
Hexes          | 1 2 3 4 5 6 |  6.8
Summonings     | 1 2 3 4 5 6 |  6.8
Necromancy     | 1 2 3 4 5 6 |  6.8
Translocations | 1 2 3 4 5 6 |  6.8
Fire Magic     | 1 2 3 4 5 6 |  6.8
Ice Magic      | 1 2 3 4 5 6 |  6.8
Air Magic      | 1 2 3 4 5 6 |  6.8
Earth Magic    | 1 2 3 4 5 6 |  6.8
Poison Magic   | 1 2 3 4 5 6 |  6.8
Fighting       | 3 4 5 6 7 8 |  8.6
Transmutations | 4 5 6 7 |  7.9
Dodging        | 5 6 7 8 9 |  9.5
Unarmed Combat | 7 8 9 10 | 10.5

Action                   |  1- 3 |  4- 6 |  7- 9 | 10-12 | 13-15 || total
-------------------------+-------+-------+-------+-------+-------++-------
Melee: Unarmed           |    64 |   220 |   272 |   705 |   122 ||  1383
       Kick              |    10 |    29 |    21 |       |       ||    60
       Headbutt          |    10 |    14 |     9 |       |       ||    33
       Bite              |     6 |    20 |     8 |     2 |       ||    36
       Punch             |     1 |     8 |     3 |     1 |     1 ||    14
 Cast: Beastly Appendage |    16 |    27 |     8 |     1 |       ||    52
       Spider Form       |     1 |     4 |    27 |    55 |       ||    87
       Wereblood         |       |     1 |       |    12 |       ||    13
       Summon Ice Beast  |       |       |     1 |    28 |    11 ||    40
       Fireball          |       |       |       |     3 |       ||     3
       Ice Form          |       |       |       |    14 |     9 ||    23
Invok: Curse Item        |       |       |     1 |     2 |       ||     3
 Abil: End Transformatio |       |     1 |     7 |    26 |     1 ||    35
Evoke: Wand              |       |       |     2 |       |       ||     2
       Condenser vane    |       |       |       |     1 |       ||     1
  Use: Scroll            |       |     8 |     1 |    13 |       ||    22
       Potion            |       |       |     2 |       |       ||     2
 Stab: Sleeping          |       |     1 |     3 |     1 |       ||     5
       Distracted        |       |       |     1 |     4 |       ||     5
       Petrified         |       |       |       |       |     2 ||     2
       Petrifying        |       |       |       |       |     1 ||     1
Armor: Robe              |     4 |    36 |    19 |     9 |     1 ||    69
       Skin              |     1 |       |    16 |    81 |    33 ||   131
Dodge: Dodged            |    56 |   167 |   274 |   880 |    55 ||  1432
